 Dungeon Crawl Stone Soup version 0.32-a0-931-g5a2cda0630 (webtiles) character file.

Game seed: 12808336851240202817

2030 smashvw the Thaumaturge (level 9, -2/62 HPs)
             Began as a Djinni Ice Elementalist on Apr 14, 2024.
             Was a Follower of Makhleb.
             Slain by an ice beast (18 damage)
             ... on level 6 of the Dungeon.
             The game lasted 00:23:32 (7453 turns).

smashvw the Thaumaturge (Djinni Ice Elementalist)   Turns: 7453, Time: 00:23:32

Health: -2/62      AC:  2    Str:  7    XL:     9   Next: 47%
Gold:   463        EV: 11    Int: 21    God:    Makhleb [*.....] SH:  0 Dex: 14

rFire   + + .        g - staff of conjuration
rCold   x . .        (no shield)
rNeg    . . .        a - +0 robe
rPois   ∞            (no helmet)
rElec   .            (no cloak)
rCorr   .            (no gloves)
SInv    .            (boots unavailable)
Will    .....        (no amulet)
Stlth   ++           (no ring)
HPRegen 0.30/turn    (no ring)

%: infuse magic (-3 HP)
@: liquefying, flying, slowed movement, very slow
A: sickness immunity, fire resistance 2, cold vulnerability 1, float, innate
caster, HP casting, extra vitality 1
a: Renounce Religion


You were on level 6 of the Dungeon.
You worshipped Makhleb.
Makhleb was aware of your devotion.
You visited 2 branches of the dungeon, and saw 7 of its levels.
You also visited: Ossuary.

You collected 463 gold pieces.

Inventory:

Armour
 a - a +0 robe (worn)
 n - the +0 kite shield "Loba" {^Contam +Blink Regen+ Dex+3}
   (You took it off a goblin on level 3 of the Dungeon)

   Dex+3:     It affects your dexterity (+3).
   +Blink:    It lets you blink.
   ^Contam:   It causes magical contamination when unequipped.
   Regen+:    It increases your rate of health regeneration.
Magical Staves
 g - a staff of conjuration (weapon)
Wands
 k - a wand of roots (12)
Scrolls
 f - 2 scrolls of fear
 i - 2 scrolls of enchant armour
 j - 2 scrolls of teleportation
 m - a scroll of noise
 o - a scroll of blinking
 p - a scroll of vulnerability
 s - a scroll of identify
 w - a scroll of poison {unknown}
Potions
 b - 3 potions of resistance {unknown}
 c - 2 potions of mutation {unknown}
 d - 3 potions of lignification
 e - 2 potions of brilliance {unknown}
 h - 4 potions of enlightenment
 l - 6 potions of curing
 q - a potion of cancellation {unknown}
 r - a potion of invisibility {unknown}
 t - a potion of attraction {unknown}
 u - a potion of heal wounds {unknown}
 v - a potion of might {unknown}


   Skills:
 + Level 4.0 Fighting
 - Level 2.1 Dodging
 - Level 1.5 Stealth
 + Level 9.4 Spellcasting
 + Level 9.4 Conjurations
 + Level 9.4 Hexes
   Level 0.0 Charms
 + Level 9.4 Summonings
 + Level 9.4 Necromancy
 + Level 9.4 Translocations
   Level 0.0 Transmutations
 + Level 9.4 Fire Magic
 + Level 9.4 Ice Magic
 + Level 9.4 Air Magic
 + Level 9.4 Earth Magic
 + Level 9.4 Alchemy


You knew the following spells:

 Your Spells              Type           Power      Damage    Failure   Level
a - Freeze                Ice            100%       1d10      1%          1
b - Frozen Ramparts       Ice            98%        1d15      1%          3
c - Ozocubu's Armour      Ice            49%        N/A       1%          3
d - Summon Ice Beast      Ice/Summ       49%        N/A       1%          3
e - Sting                 Conj/Alch      100%       1d9       1%          1
f - Blink                 Tloc           98%        N/A       1%          2
g - Lesser Beckoning      Tloc           98%        N/A       1%          2
h - Leda's Liquefaction   Alch/Erth      24%        N/A       1%          4
Your spell library was empty.

Dungeon Overview and Level Annotations

Branches:
Dungeon (6/15)             Temple (1/1) D:4         Ossuary (visited)

Altars:
Ashenzari
Cheibriados
Elyvilon
Fedhas
Gozag
Hepliaklqana
Makhleb
Nemelex Xobeh
Okawaru
Qazlal
Ru
Trog
Wu Jian
Xom
Yredelemnul
Zin
The Shining One

Shops:
D:4 :

Annotations:
D:6 1 runed translucent door, Ofeo's ghost, novice CoBr


Innate Abilities, Weirdness & Mutations

You are immune to sickness and miasma.
You are immune to poison.
Your flesh is very heat resistant. (rF++)
You are vulnerable to cold. (rC-)
You float through the air rather than walking.
You learn spells naturally, not from books.
Your magical power is your life essence.
You have superior vitality. (+4 MHP)


Message History

HP restored.
An ice beast comes into view.
Casting: Sting (safe; 1% risk of failure)
Confirm with . or Enter, or press ? or * to list all spells.
The ground around you becomes liquefied!
Unknown command.
You feel a surge of power!
The sting hits the ice beast.
The ice beast partially resists.
The ice beast is lightly wounded.
The ice beast completely misses you.
The ice beast hits you but does no damage.
You feel a surge of power!
The sting hits the ice beast but does no damage.
The ice beast is poisoned.
You feel a surge of power!
The sting hits the ice beast.
The ice beast partially resists.
The ice beast is lightly wounded.
The ice beast hits you. The ice beast freezes you!!
You feel a terrible chill!
You feel a surge of power!
The sting hits the ice beast.
The ice beast looks even sicker.
The ice beast is moderately wounded.
The ice beast hits you but does no damage.
You feel a surge of power!
The sting hits the ice beast but does no damage.
The ice beast looks even sicker.
The ice beast is moderately wounded.
The ice beast hits you. The ice beast freezes you!
You feel a terrible chill!
You are too injured to fight recklessly!
Casting: Sting (safe; 1% risk of failure)
Confirm with . or Enter, or press ? or * to list all spells.
You blink.
Casting: Blink (safe; 1% risk of failure)
Confirm with . or Enter, or press ? or * to list all spells.
A chill wind blows around you.
* * * LOW HITPOINT WARNING * * *
You feel ready to blink again. The ice beast hits you.
* * * LOW HITPOINT WARNING * * *
The ice beast freezes you!!
You feel a terrible chill!
You die...

..<......#...#..#
####...........
.......###.#....#
#.............. .......#
#:###.## #............÷.
.......#
#.....####[.......#.....
.......#
####.......#............
.......#
#.......#.......###.#
....<..#
#.......#............
###.####
#.......#......####.#
#..Y@...#..÷...##...#
#...Y...#......##.###
#..>....'.........#
####§>..#....###'###
#.####....#.....# ## #.#
#....#.....# ##≈ ###.#
#....#..†..# #≈≈ #...#
#....#.....# ##≈≈ #.#.#
######.....##


You could see an ice beast (very poisoned, ally target) and a friendly ice beast
(summoned).

Vanquished Creatures
  Eustachio (D:6)
  A steam dragon (D:6)
  An ice beast (D:5)
  A black bear (D:6)
  A bullfrog (D:6)
  4 water moccasin zombies (Ossuary)
  A scorpion (D:6)
  A burial acolyte (Ossuary)
  2 hounds
  A sleepcap (D:6)
  An iguana (D:5)
  Terence (D:2)
  Natasha (thrice) (D:3)
  2 crocodile zombies (Ossuary)
  A mummy (Ossuary)
  Robin (D:3)
  4 gnolls (D:3)
  9 adders
  3 shadow imps (D:5)
  An adder zombie (Ossuary)
  2 dart slugs
  2 ribbon worms (D:2)
  15 orcs
  6 endoplasms
  4 giant cockroaches
  2 gnoll zombies (Ossuary)
  13 goblins
  3 hobgoblins
  9 kobolds
  6 quokkas
  4 ball pythons
  3 bats
  4 frilled lizards
  A jackal zombie (Ossuary)
  3 orc zombies (Ossuary)
  3 rats
120 creatures vanquished.

Vanquished Creatures (collateral kills)
  A steam dragon (D:6)
  An acid dragon (D:6)
  A water moccasin (D:6)
  A phantom (D:6)
  A bullfrog (D:6)
  3 water moccasin zombies (Ossuary)
  A mummy (Ossuary)
  An adder zombie (Ossuary)
  7 gnoll zombies (Ossuary)
  A jackal zombie (Ossuary)
  An orc zombie (Ossuary)
19 creatures vanquished.

Grand Total: 139 creatures vanquished

Notes
Turn   | Place    | Note
-------+----------+-------------------------------------------
     0 | D:1      | smashvw the Djinni Ice Elementalist began the quest for the
                  | Orb.
     0 | D:1      | smashvw set off with the following spells memorised:
                  | Freeze, Frozen Ramparts, Ozocubu's Armour, Summon Ice
                  | Beast.
     0 | D:1      | Reached XP level 1. HP: 15/15 MP: 0/0
    82 | D:1      | Found a faded altar of an unknown god.
   166 | D:1      | Reached XP level 2. HP: 9/22 MP: 0/0
   235 | D:1      | Reached skill level 1 in Fighting
   547 | D:1      | Reached XP level 3. HP: 22/27 MP: 0/0
   547 | D:1      | Learned a level 1 spell: Sting
  1115 | D:2      | Reached XP level 4. HP: 24/33 MP: 0/0
  1497 | D:2      | Noticed Terence
  1504 | D:2      | Killed Terence
  1505 | D:2      | Reached XP level 5. HP: 35/38 MP: 0/0
  1505 | D:2      | Learned a level 2 spell: Blink
  1658 | D:3      | Noticed Natasha
  1663 | D:3      | Killed Natasha
  1703 | D:3      | Noticed Robin
  1734 | D:3      | Killed Robin
  1735 | D:3      | Reached skill level 5 in Spellcasting
  1735 | D:3      | Reached skill level 5 in Conjurations
  1735 | D:3      | Reached skill level 5 in Hexes
  1735 | D:3      | Reached skill level 5 in Summonings
  1735 | D:3      | Reached skill level 5 in Necromancy
  1735 | D:3      | Reached skill level 5 in Translocations
  1735 | D:3      | Reached skill level 5 in Fire Magic
  1735 | D:3      | Reached skill level 5 in Ice Magic
  1735 | D:3      | Reached skill level 5 in Air Magic
  1735 | D:3      | Reached skill level 5 in Earth Magic
  1735 | D:3      | Reached skill level 5 in Alchemy
  1872 | D:3      | Noticed Natasha
  1882 | D:3      | Killed Natasha
  1883 | D:3      | Reached XP level 6. HP: 21/43 MP: 0/0
  1937 | D:3      | Identified the +0 kite shield "Loba" {^Contam +Blink Regen+
                  | Dex+3}
  2000 | D:3      | Identified the +2 leather armour "Kusivual" {Rampage rF+}
  2066 | D:3      | Noticed Natasha
  2075 | D:3      | Killed Natasha
  2801 | D:4      | Found Vinen's Vocational Training.
  3412 | D:4      | Found a staircase to the Ecumenical Temple.
  3422 | Temple   | Entered the Ecumenical Temple
  3444 | Temple   | Became a worshipper of Makhleb the Destroyer
  3845 | D:5      | Entered Level 5 of the Dungeon
  4420 | D:5      | Noticed an ice beast
  4433 | D:5      | Killed an ice beast
  4434 | D:5      | Reached XP level 7. HP: 13/49 MP: 0/0
  4434 | D:5      | Learned a level 2 spell: Lesser Beckoning
  4856 | D:6      | Noticed a steam dragon
  4889 | D:6      | Found a runed translucent door.
  4890 | D:6      | Noticed a steam dragon
  4898 | D:6      | Killed a steam dragon
  4939 | D:6      | Reached XP level 8. HP: 43/54 MP: 0/0
  4982 | D:6      | Noticed Ofeo's ghost (novice CoBr)
  4998 | D:6      | Noticed Eustachio
  5004 | D:6      | Killed Eustachio
  5234 | D:6      | Found a sand-covered staircase.
  5243 | Ossuary  | Entered an ossuary
  5296 | Ossuary  | Reached * piety under Makhleb
  5835 | Ossuary  | Reached XP level 9. HP: 30/58 MP: 0/0
  5835 | Ossuary  | Learned a level 4 spell: Leda's Liquefaction
  7453 | D:6      | Slain by an ice beast

Illustrated notes

Levels and vault maps discovered:
D:1:      kennysheep_arrival_forest, layout_rooms,
          dreamdust_ecumenical_altar_grove, chequers_serial_rivers_micro_d,
          grunt_decor_cap, minmay_misc_feat_square
D:2:      layout_basic, uniq_terence
D:3:      layout_rooms, grunt_ministairs_12, minmay_gold_behind_fungi,
          minmay_misc_feat_columns, roderic_lattice_a, uniq_natasha, uniq_robin
D:4:      layout_layer_cave, minmay_temple_entry_sparse_star,
          nicolae_shop_vocational
D:5:      layout_basic
D:6:      cheibrodos_fzero, layout_basic, ebering_ghost_reflecting_pool,
          enter_ossuary_1, hangedman_decor_push, kennysheep_minor_cross,
          chequers_big_river, minmay_misc_feat_hallway, uniq_eustachio
Temple:   regret_index_temple_mists

Skill      XL: |  1  2  3  4  5  6  7  8  9 |
---------------+----------------------------+-----
Fighting       | 1 2 4 |  4.0
Spellcasting   | 4 5 6 7 8 9 |  9.4
Conjurations   | 4 5 6 7 8 9 |  9.4
Hexes          | 4 5 6 7 8 9 |  9.4
Summonings     | 4 5 6 7 8 9 |  9.4
Necromancy     | 4 5 6 7 8 9 |  9.4
Translocations | 4 5 6 7 8 9 |  9.4
Fire Magic     | 4 5 6 7 8 9 |  9.4
Ice Magic      | 4 5 6 7 8 9 |  9.4
Air Magic      | 4 5 6 7 8 9 |  9.4
Earth Magic    | 4 5 6 7 8 9 |  9.4
Alchemy        | 4 5 6 7 8 9 |  9.4
Dodging        | |  2.1
Stealth        | |  1.5

Action                     |  1- 3 |  4- 6 |  7- 9 || total
---------------------------+-------+-------+-------++-------
  Melee: Unarmed           |     7 |       |       ||     7
         Staff             |       |     7 |    40 ||    47
   Cast: Freeze            |    39 |    83 |    16 ||   138
         Sting             |     7 |    46 |   123 ||   176
         Frozen Ramparts   |     6 |     9 |    13 ||    28
         Blink             |       |     3 |     3 ||     6
         Ozocubu's Armour  |       |     2 |     4 ||     6
         Summon Ice Beast  |       |       |    15 ||    15
         Leda's Liquefacti |       |       |     7 ||     7
    Use: Scroll            |       |     6 |     1 ||     7
         Potion            |       |       |     4 ||     4
 Armour: Robe              |    24 |    66 |    90 ||   180
         Skin              |       |       |    42 ||    42
  Dodge: Dodged            |    25 |    48 |    63 ||   136

Table legend: (Time is in decaauts)
 A = Elapsed time spent in this place.
 B = Non-inter-level travel time spent in this place.
 C = Inter-level travel time spent in this place.
 D = Time resting spent in this place.
 E = Time spent auto-exploring this place.
 F = Levels seen in this place.
 G = Mean time per level.
                   A        B        C        D        E       F      G
               +--------+--------+--------+--------+--------+-----+--------+
         Total |   7483 |   7321 |    162 |   1236 |   5054 |   8 |  935.4 |
       Dungeon |   6264 |   6142 |    122 |    625 |   4675 |   6 | 1044.0 |
        Temple |     43 |      3 |     40 |      0 |      0 |   1 |   43.0 |
       Ossuary |   1175 |   1175 |      0 |    611 |    379 |   1 | 1175.0 |
               +--------+--------+--------+--------+--------+-----+--------+

Top non-repeatable levels by time:
     D:6: 1422 daAuts
 Ossuary: 1175 daAuts
     D:4: 1145 daAuts
     D:3: 1098 daAuts
     D:5: 1032 daAuts
     D:2: 888 daAuts
     D:1: 677 daAuts
  Temple: 43 daAuts
